 Dungeon Crawl Stone Soup version 0.18-a0-9-gd4dcb6f (webtiles) character file.

13322 Ordine the Thaumaturge (level 11, -4/62 HPs)
             Began as a Deep Elf Air Elementalist on Nov 1, 2015.
             Was an Elder of Vehumet.
             Slain by a black mamba (11 damage)
             ... on level 4 of the Lair of Beasts.
             The game lasted 01:14:56 (16827 turns).

Ordine the Thaumaturge (Deep Elf Air Elementalist) Turns: 16827, Time: 01:14:56

Health: -4/62      AC:  8    Str:  5    XL:     11   Next: 74%
Magic:  14/29      EV: 15    Int: 24    God:    Vehumet [****..]
Gold:   753        SH:  0    Dex: 15    Spells: 8 memorised, 8 levels left

rFire  + . .     SeeInvis +     A - +2 dagger (speed)
rCold  . . .     Clarity  +     a - +0 leather armour {rF+}
rNeg   . . .     SustAt   .     (no shield)
rPois  .         Gourm    .     (no helmet)
rElec  .         Spirit   .     f - +0 cloak
rCorr  .         Warding  .     n - +1 pair of gloves
rMut   .         Stasis   .     G - +0 pair of boots
MR     +....                    l - amulet of clarity
Stlth  ++........               H - ring of see invisible
                                I - +3 ring of slaying

@: repel missiles, somewhat resistant to hostile enchantments, unstealthy
A: no striking features
a: Renounce Religion


You were on level 4 of the Lair of Beasts.
You worshipped Vehumet.
Vehumet was greatly pleased with you.
You were hungry.

You visited 3 branches of the dungeon, and saw 13 of its levels.

You collected 753 gold pieces.

Inventory:

Hand Weapons
 A - a +2 dagger of speed (weapon)
Armour
 a - a +0 leather armour of fire resistance (worn)
 f - a +0 cloak (worn)
 n - a +1 pair of gloves (worn)
 G - a +0 pair of boots (worn)
Jewellery
 l - an amulet of clarity (around neck)
 H - a ring of see invisible (right hand)
 I - a +3 ring of slaying (left hand)
Scrolls
 c - a scroll of recharging
 e - 8 scrolls of remove curse
 k - 4 scrolls of teleportation
 q - 4 scrolls of magic mapping
 r - a scroll of identify
 F - a scroll of blinking
Potions
 b - a potion of brilliance
 d - 5 potions of haste
 h - 5 potions of agility
 i - 2 potions of flight
 j - a potion of magic
 m - 2 potions of might
 p - a potion of curing {unknown}
Books
 o - a book of the Dragon

   Spells                             Type                      Level
   a - Flame Tongue                   Conjuration/Fire             1
   b - Cause Fear                     Hexes                        4
   c - Bolt of Fire                   Conjuration/Fire             6
   d - Dragon Form                    Transmutation                7
   e - Dragon's Call                  Summoning                    9
Comestibles
 g - 9 chunks of flesh
 J - a slice of pizza
 K - 5 fruits


   Skills:
 + Level 4.9 Fighting
 + Level 5.8 Short Blades
 - Level 4.0 Armour
 + Level 7.4 Dodging
 - Level 2.4 Stealth
 * Level 12.8 Spellcasting
 + Level 7.5 Conjurations
 - Level 8.0 Charms
 + Level 1.9 Fire Magic
 + Level 7.8 Air Magic


You had 8 spell levels left.
You knew the following spells:

 Your Spells              Type           Power        Failure   Level  Hunger
a - Shock                 Conj/Air       ####         1%          1    None
b - Static Discharge      Conj/Air       ######..     1%          3    None
c - Lightning Bolt        Conj/Air       ######....   2%          5    ###....
d - Iskenderun's Battles  Conj/Chrm      ######..     2%          5    ###....
e - Dazzling Spray        Conj/Hex       ####....     1%          3    None
f - Repel Missiles        Chrm/Air       ######       1%          2    None
g - Swiftness             Chrm/Air       ######..     1%          2    None
h - Bolt of Fire          Conj/Fire      #####.....   63%         6    #####..


Dungeon Overview and Level Annotations

Branches:
Dungeon (8/15)             Temple (1/1) D:5            Lair (4/8) D:8
  Swamp (0/4) Lair:3       Spider (0/4) Lair:3

Altars:
Ashenzari
Cheibriados
Dithmenos
Elyvilon
Fedhas
Gozag
Kikubaaqudgha
Makhleb
Nemelex Xobeh
Okawaru
Qazlal
Ru
Sif Muna
Trog
Vehumet
Xom
Yredelemnul
Zin
The Shining One

Shops:
D:7 %

Annotations:
D:3 Oper80's ghost, amateur DrFE
D:6 Zero's ghost, novice GrBe


Message History

The black mamba is lightly wounded.
Your battlesphere fires!
The barrage of energy hits the black mamba.
The black mamba is moderately wounded.
The blink frog blinks!
Casting: Shock
Confirm with . or Enter, or press ? or * to list all spells.
Aiming: Shock
Press: ? - help, Shift-Dir - straight line, f/p - black mamba
Aim: a black mamba (moderately wounded)
The zap hits the black mamba.
The black mamba appears unharmed.
The black mamba is moderately wounded.
Your battlesphere fires!
The barrage of energy hits the black mamba.
The black mamba is heavily wounded.
The black mamba bites you! The blink frog hits you. The blink frog hits you!!
* * * LOW HITPOINT WARNING * * *
The black mamba bites you!
You die...

......#.#.#.......... .
#..............P....
.##........#.......#..
...........#...#...##.
#..§...........P.##.
##.......♣≈.♣♣#...... .
#....†...♣P≈♣♣P.#....
....#.FSF#..♣P≈P♣♣...#..
..†...†@.♣♣.♣P≈♣♣..♣.♣..
...#....♣♣♣♣♣♣≈♣♣♣♣♣♣.#.
....#.*.♣ ≈≈. P#..
...#..... ≈≈. ..#.
........P ≈≈≈ ≈ ..
.#P##♣P♣♣ . . ## #♣#


You could see a black mamba and 2 blink frogs.

Vanquished Creatures
  The ghost of twist the Covert, a journeyman NaTm of Cheibriados (Lair:3)
  A hydra (Lair:4)
  A swamp dragon (Lair:3)
  2 black mambas
  2 spiny frogs
  2 komodo dragons
  13 blink frogs
  7 yaks
  A hippogriff (D:8)
  Menkaure (D:4)
  3 wolves (Lair:4)
  3 porcupines
  2 water moccasins
  2 sky beasts
  3 phantoms
  2 ice beasts
  8 crocodiles
  9 ogres
  3 centaurs
  8 giant frogs
  2 big kobolds
  A gnoll sergeant (D:4)
  2 scorpions
  3 killer bees (D:8)
  2 jellies
  6 crimson imps
  5 orc priests
  A quasit (D:6)
  5 hounds
  8 orc wizards
  Natasha (thrice) (D:3)
  6 iguanas
  5 worker ants
  4 sheep (Lair:4)
  5 gnolls
  6 adders
  45 river rats
  A shadow imp (D:5)
  A worm (D:5)
  7 giant geckos
  22 orcs
  3 ball pythons
  11 giant cockroaches
  20 goblins
  7 hobgoblins
  14 kobolds
  2 quokkas
  5 bats
  A giant gecko skeleton (D:4)
  6 giant newts
  7 jackals
  A jackal skeleton (D:4)
  2 quokka skeletons (D:4)
  2 quokka zombies
  5 rats
300 creatures vanquished.

Vanquished Creatures (others)
  A fungus (Lair:2)
1 creature vanquished.

Grand Total: 301 creatures vanquished

Notes
Turn   | Place    | Note
--------------------------------------------------------------
     0 | D:1      | Ordine the Deep Elf Air Elementalist began the quest for the Orb.
     0 | D:1      | Reached XP level 1. HP: 10/10 MP: 6/6
   225 | D:1      | Reached XP level 2. HP: 15/15 MP: 2/8
   248 | D:1      | Learned a level 2 spell: Repel Missiles
   251 | D:1      | Learned a level 2 spell: Swiftness
   890 | D:1      | Reached skill level 4 in Spellcasting
   890 | D:1      | Reached XP level 3. HP: 19/19 MP: 5/10
  1448 | D:2      | Learned a level 3 spell: Static Discharge
  1584 | D:2      | Found a faded altar to an unknown god.
  1670 | D:2      | Found a glowing golden altar of the Shining One.
  1671 | D:2      | Found a glowing silver altar of Zin.
  1830 | D:2      | Found an opulent altar of Gozag.
  1960 | D:2      | Reached XP level 4. HP: 16/24 MP: 2/12
  2600 | D:3      | Reached skill level 5 in Spellcasting
  2824 | D:3      | Noticed Oper80's ghost (amateur DrFE)
  2824 | D:3      | Found a stormy altar of Qazlal.
  3098 | D:3      | Noticed Natasha
  3105 | D:3      | Reached XP level 5. HP: 22/28 MP: 6/14
  3107 | D:3      | Killed Natasha
  3191 | D:3      | Learned a level 5 spell: Lightning Bolt
  3494 | D:3      | Found a snail-covered altar of Cheibriados.
  3559 | D:3      | Noticed Natasha
  3646 | D:3      | Killed Natasha
  3796 | D:3      | Noticed Natasha
  3797 | D:3      | Killed Natasha
  3877 | D:4      | Reached skill level 6 in Spellcasting
  3877 | D:4      | Reached XP level 6. HP: 32/32 MP: 6/17
  4052 | D:4      | Noticed Menkaure
  4061 | D:4      | Killed Menkaure
  4061 | D:4      | Reached skill level 7 in Spellcasting
  4364 | D:4      | Reached XP level 7. HP: 28/36 MP: 10/19
  4432 | D:4      | Reached skill level 1 in Charms
  4432 | D:4      | Reached skill level 5 in Air Magic
  4558 | D:4      | Reached skill level 1 in Short Blades
  4931 | D:4      | Found an opulent altar of Gozag.
  5262 | D:4      | Reached skill level 1 in Fighting
  5299 | D:4      | HP: 1/38 [poisoned by a gnoll sergeant]
  5884 | D:5      | Entered Level 5 of the Dungeon
  5962 | D:5      | Reached skill level 8 in Spellcasting
  5962 | D:5      | Reached XP level 8. HP: 30/43 MP: 2/22
  7177 | D:5      | Found a sparkling altar of Nemelex Xobeh.
  7303 | D:5      | Learned a level 3 spell: Dazzling Spray
  7320 | D:5      | Found a staircase to the Ecumenical Temple.
  7335 | Temple   | Entered the Ecumenical Temple
  7344 | Temple   | Became a worshipper of Vehumet
  7762 | D:6      | Found a shimmering altar of Xom.
  7840 | D:6      | Reached skill level 5 in Conjurations
  7947 | D:6      | Reached skill level 9 in Spellcasting
  8242 | D:6      | Noticed Zero's ghost (novice GrBe)
  8799 | D:6      | Reached XP level 9. HP: 22/48 MP: 12/24
  9174 | D:6      | Reached * piety under Vehumet
  9174 | D:6      | Offered knowledge of Sandblast by Vehumet.
  9375 | D:6      | Reached skill level 5 in Charms
 10071 | D:7      | Reached skill level 10 in Spellcasting
 10440 | D:7      | Reached skill level 5 in Dodging
 10585 | D:7      | Found a sacrificial altar of Ru.
 10905 | D:7      | Found Ryitrubb's Food Emporium.
 11153 | D:8      | Reached ** piety under Vehumet
 11185 | D:8      | Offered knowledge of Sting by Vehumet.
 11526 | D:8      | Found a staircase to the Lair.
 11805 | Lair:1   | Entered Level 1 of the Lair of Beasts
 11813 | Lair:1   | Reached XP level 10. HP: 56/56 MP: 18/26
 11879 | Lair:1   | Noticed a spiny frog
 11887 | Lair:1   | Killed a spiny frog
 12077 | Lair:1   | Reached skill level 11 in Spellcasting
 12143 | Lair:1   | Noticed a black mamba
 12308 | Lair:1   | Learned a level 5 spell: Iskenderun's Battlesphere
 12340 | Lair:1   | Offered knowledge of Throw Flame by Vehumet.
 12568 | Lair:1   | Killed a black mamba
 12902 | Lair:1   | Reached *** piety under Vehumet
 13094 | Lair:1   | You fall through a shaft!
 13853 | Lair:2   | Offered knowledge of Ignite Poison by Vehumet.
 13938 | Lair:2   | Reached skill level 5 in Short Blades
 13940 | Lair:2   | Reached skill level 12 in Spellcasting
 14152 | Lair:2   | Noticed a black mamba
 14156 | Lair:2   | Killed a black mamba
 14309 | Lair:2   | Reached XP level 11. HP: 62/62 MP: 22/29
 14988 | Lair:3   | Found a staircase to the Swamp.
 14989 | Lair:3   | Noticed a swamp dragon
 14998 | Lair:3   | Reached skill level 1 in Armour
 15102 | Lair:3   | Killed a swamp dragon
 15138 | Lair:3   | Reached **** piety under Vehumet
 15388 | Lair:3   | Found a basalt altar of Yredelemnul.
 15557 | Lair:3   | Found a hole to the Spider Nest.
 15793 | Lair:3   | Noticed twist's ghost (journeyman NaTm)
 15798 | Lair:3   | Killed twist's ghost
 16310 | Lair:4   | Offered knowledge of Inner Flame by Vehumet.
 16404 | Lair:4   | Learned a level 6 spell: Bolt of Fire
 16429 | Lair:4   | Noticed a six-headed hydra
 16432 | Lair:4   | Killed a six-headed hydra
 16437 | Lair:4   | Reached skill level 1 in Fire Magic
 16827 | Lair:4   | Slain by a black mamba

Vault maps used:
D:1:      dpeg_arrival_rooms_with_view
D:2:      nicolae_overflow_crystal_walls, minitemple, ecumenical_altar_2,
          cheibrodos_gnoll_hut
D:3:      nicolae_qazlal_eye_of_the_storm, cheibriados_altar_1, first_bread,
          uniq_natasha
D:4:      nicolae_gozag_cash_rules_everything_around_me, uniq_menkaure
D:5:      temple_pool_a, nemelex_spade_bored_becter
D:6:      kennysheep_mini_moat, grunt_ministairs_14, minmay_ogre_servants
D:7:      nicolae_ru_sacrificial_ziggurat, serial_shops, shop
D:8:      wad_pebble_path, lair_0_dummy
Temple:   circular_temple_12
Lair:2:   nicolae_quartered_pool_little, grunt_forest_stairs_basic,
          lemuel_fruit_tree
Lair:3:   minmay_swamp_entry_reptiles, dummy_spider_entry, basic_altar
Lair:4:   serial_bayou_crossing, grunt_megastairs_2

Action                   |  1- 3 |  4- 6 |  7- 9 | 10-12 || total
-------------------------+-------+-------+-------+-------++-------
Melee: Dagger            |     2 |     8 |    73 |    20 ||   103
 Cast: Shock             |    73 |   131 |   223 |   215 ||   642
       Repel Missiles    |     1 |       |     1 |       ||     2
       Swiftness         |       |     1 |     5 |       ||     6
       Static Discharge  |       |       |    84 |    23 ||   107
       Dazzling Spray    |       |       |     7 |     3 ||    10
       Iskenderun's Batt |       |       |       |    34 ||    34
       Lightning Bolt    |       |       |       |    15 ||    15
  Use: Scroll            |     4 |     5 |     2 |     6 ||    17
       Potion            |       |       |     2 |     2 ||     4
 Stab: Sleeping          |       |       |     1 |       ||     1
       Invisible         |       |       |     1 |       ||     1
  Eat: Chunk             |     3 |     7 |    17 |    16 ||    43
       Beef jerky        |       |       |     1 |       ||     1
       Bread ration      |       |       |     1 |       ||     1
       Fruit             |       |       |       |     4 ||     4
